 Dungeon Crawl Stone Soup version 0.30-a0-465-g8901f6c8b5 (webtiles) character file.

Game seed: 5419694555079072

49 MackTheKnife the Insei (level 3, -2/25 HPs)
             Began as an Octopode Transmuter on Dec 18, 2022.
             Killed by divine providence
             ... invoked by an orc priest
              (14 damage)
             ... on level 3 of the Dungeon.
             The game lasted 00:01:50 (1781 turns).

MackTheKnife the Insei (Octopode Transmuter)        Turns: 1781, Time: 00:01:50

Health: -2/25      AC:  1    Str: 11    XL:     3   Next: 75%
Magic:  6/6        EV: 13    Int: 15    God:
Gold:   75         SH:  0    Dex: 12    Spells: 5/6 levels left

rFire   . . .      SeeInvis .    e - +3 short sword (drain) {short}
rCold   . . .      Faith    .    (no shield)
rNeg    . . .      Spirit   .    (helmet currently unavailable)
rPois   .          Reflect  .    (no amulet)
rElec   .          Harm     .    (no ring)
rCorr   .          Rampage  .    (no ring)
Will    .....                    (no ring)
Stlth   ++........               (no ring)
HPRegen 0.24/turn                (no ring)
MPRegen 0.10/turn                (no ring)
                                 (no ring)
                                 (no ring)

@: appendages (expiring)
A: tentacle spike 3, almost no armour, amphibious, 8 rings, camouflage 1,
gelatinous body 1, (nimble swimmer 1), tentacles
a: End Transformation


You were on level 3 of the Dungeon.
One of your tentacles had grown a beastly spike.
You visited 1 branch of the dungeon, and saw 3 of its levels.

You collected 75 gold pieces.


Innate Abilities, Weirdness & Mutations

One of your tentacles has grown a beastly spike.
You cannot wear most types of armour.
You are amphibious.
You can wear up to eight rings at the same time.
Your skin changes colour to match your surroundings (Stealth+).
Your rubbery body absorbs attacks. (AC +1, EV +1)
((You are camouflaged when in or above water. (Stealth+)))
You have tentacles for arms and can constrict up to eight enemies at once.


   Skills:
 + Level 2.9 Fighting
 - Level 2.0 Dodging
 - Level 3.5 Unarmed Combat
 - Level 2.0 Spellcasting
 - Level 2.0 Transmutations


You had 5 spell levels left.
You knew the following spells:

 Your Spells              Type           Power      Damage    Failure   Level
a - Beastly Appendage     Tmut           14%        N/A       10%         1

Your spell library contained the following spells:

 Spells                   Type           Power      Damage    Failure   Level
 Sting                    Tmut/Pois      16%        1d3       14%         1
 Wereblood                Tmut           7%         N/A       14%         2
 Foxfire                  Conj/Fire      4%         2x1d4     22%         1
 Cigotuvi's Dreadful Rot  Necr/Pois/Air  2%         N/A       32%         2
 Spider Form              Tmut/Pois      4%         N/A       41%         3
 Mephitic Cloud           Conj/Pois/Air  1%         N/A       54%         3
 Ice Form                 Ice/Tmut       4%         N/A       82%         4
 Fireball                 Conj/Fire      0%         3d3       99%         5
 Starburst                Conj/Fire      0%         6d3       100%        6

Inventory:

Hand Weapons
 e - a +3 short sword of draining (weapon) {short}
   (You took it off a kobold on level 1 of the Dungeon)
Wands
 f - a wand of charming (7)
   (You found it on level 2 of the Dungeon)
Scrolls
 c - a scroll of identify {unknown}
 g - a scroll of poison {unknown}
 h - 3 scrolls of teleportation {unknown}
Potions
 a - a potion of lignification {!q}
 b - 2 potions of magic {unknown}
 d - 2 potions of curing {unknown}
 i - a potion of cancellation {unknown}

Dungeon Overview and Level Annotations

Branches:
Dungeon (3/15) Zot: 16220

Altars:

#..#######............##
#...........>##.#####.#
######.############.#
#.# ..........## #.# #.#
...........###
#.#####.##
.######.##.#oo
.......... #.##.#o#
#.######## #.##.#)# #.#
#.##.#@# #.# #.##.#.#
#.##.##.#.######
#................
#.##.##.#.####### ..
#.#.# #.# #.#.# .. ....#
# #....


You could see an orc priest and 2 orcs.


Message History

You see here a +0 mace {mace}.
h - 3 scrolls labelled ORI UDUUDDEASTAHO (gained 1) Key pressed, stopping explore.
Found a stone staircase leading up.
Key pressed, stopping explore.
A hobgoblin comes into view.
A hobgoblin is nearby!
A hobgoblin is nearby!
A hobgoblin is nearby!
The hobgoblin shouts!
One of your tentacles grows a vicious spike. 😎 MP[-1]
You lost 1 mp, and now have 5/6 mp.
You hit the hobgoblin. You grab the hobgoblin.
You pierce the hobgoblin, but do no damage.
You constrict the hobgoblin, but do no damage.
The hobgoblin hits you. 😕 HP[-5]
You take 5 damage, and now have 20/25 hp.
You completely miss the hobgoblin.
You pierce the hobgoblin.
You constrict the hobgoblin.
You kill the hobgoblin!
No target in view!
Key pressed, stopping explore.
No target in view!
Your transformation is almost over.
Your tentacle spike disappears.
Key pressed, stopping explore.
A rat comes into view.
You see here a +0 ring mail. 😎 HP[+5] MP[+1]
Your hp is fully restored (25).
Your mp is fully restored (6).
A rat is nearby!
A rat is nearby!
The rat bites you. 😕 HP[-2]
You take 2 damage, and now have 23/25 hp.
You hit the rat.
You kill the rat!
Key pressed, stopping explore.
No target in view! 😎 HP[+2]
Your hp is fully restored (25).
Key pressed, stopping explore.
No target in view!
Found a stone staircase leading down.
There is a stone staircase leading down here.
Key pressed, stopping explore. 3 orcs and an orc wizard come into view.
There are monsters nearby!
The orc shouts! x2; You hear a shout!
The orc wizard shouts!
There are monsters nearby!
The orc wizard gestures wildly while chanting.
The orc wizard flickers and vanishes!
Deactivating autopickup; reactivate with Ctrl-A.
The orc misses you.
One of your tentacles grows a vicious spike.
The orc barely misses you. 😎 MP[-1]
You lost 1 mp, and now have 5/6 mp.
You hit the orc. You drain the orc.
You kill the orc!
You closely miss something.
You pierce something.
Your transformation is almost over.
Something hits you. 😕 HP[-3]
You take 3 damage, and now have 22/25 hp.
You hit something. Something hits you. 😕 HP[-3]
You take 3 damage, and now have 19/25 hp.
You miss something.
Your tentacle spike misses something.
You hear some strange, mumbled words.
Something tries to affect you, but you resist.
You hit something but do no damage.
Your tentacle spike misses something.
You squeeze something. Something hits you but does no damage.
You hit something but do no damage.
Your tentacle spike misses something.
An orc priest comes into view. It is wielding a +0 hand axe.
Something hits you. 😮 HP[-3]
You take 3 damage, and now have 16/25 hp.
You miss something. Your squeeze misses something. Something hits you.
The orc priest miscasts a cantrip.
Unknown command. 😮 HP[-1]
You take 1 damage, and now have 15/25 hp.
You barely miss something. Something hits you. 😮 HP[-1]
You take 1 damage, and now have 14/25 hp.
You miss something.
Your tentacle spike misses something.
Something hits you.
* * * LOW HITPOINT WARNING * * *
😨 HP[-2] MP[+1]
You take 2 damage, and now have 12/25 hp.
Your mp is fully restored (6).
You hit something.
Reactivating autopickup.
You feel a bit more experienced.
The orc priest invokes the aid of Beogh against you.
Beogh smites you!
Ouch! That really hurt!
You die...

Skill      XL: |  1  2 |
---------------+-------+-----
Fighting       | 2 |  2.9
Dodging        | |  2.0
Unarmed Combat | |  3.5
Spellcasting   | |  2.0
Transmutations | |  2.0

Action                   || total
-------------------------++-------
Melee: Unarmed           ||    18
       Kick              ||     9
       Constrict         ||    14
       Punch             ||     2
       Short sword       ||    50
       Tentacles         ||     5
 Cast: Beastly Appendage ||     8
 Stab: Sleeping          ||     7
Armor: Skin              ||     2
Dodge: Dodged            ||    21

Levels and vault maps discovered:
D:1:      lightli_arrival_chessboard, layout_loops_ring, serial_glass,
          glass_columns_c, glass_columns_b, serial_park_tiny_2, st_stairs_12
D:2:      layout_basic, kennysheep_boxes
D:3:      minmay_razor_zed, layout_basic, minmay_strange_pillars

Notes
Turn   | Place    | Note
-------+----------+-------------------------------------------
     0 | D:1      | MackTheKnife the Octopode Transmuter began the quest for
                  | the Orb.
     0 | D:1      | Reached XP level 1. HP: 13/13 MP: 3/3
     0 | D:1      | magus.rc [v1.9.6]
   298 | D:1      | Reached XP level 2. HP: 11/18 MP: 3/5
   300 | D:1      | HP: 3/17 [kobold/+3 short sword of draining (5)]
   563 | D:1      | Reached skill level 2 in Fighting
   580 | D:1      | Reached XP level 3. HP: 17/24 MP: 6/6
   883 | D:2      | You add the spells Sting, Cigotuvi's Dreadful Rot and
                  | Mephitic Cloud to your library.
   883 | D:2      | Got the Volume of Pollution
  1298 | D:2      | You pick up a book of Fire and begin reading...
  1298 | D:2      | You add the spells Foxfire, Fireball and Starburst to your
                  | library.
  1781 | D:3      | Killed from afar by an orc priest

Vanquished Creatures
  An orc wizard (D:3)
  An adder (D:2)
  A worm (D:2)
  An orc (D:3)
  4 endoplasms (D:1)
  A giant cockroach (D:1)
  2 goblins (D:1)
  6 hobgoblins
  2 kobolds (D:1)
  3 ball pythons
  2 bats (D:1)
  2 frilled lizards (D:1)
  8 rats
34 creatures vanquished.

Table legend:
 A = Non-vault XP
 B = Vault XP
 C = Vault XP percentage of total XP
 D = Non-vault monster count
 E = Vault monster count
 F = Vault count percentage of total count
                 A         B        C        D         E       F
            +---------+---------+-------+---------+---------+-------
      Total |     101 |       4 |   3.8 |      32 |       2 |   5.9
            +---------+---------+-------+---------+---------+-------
        D:1 |      33 |       4 |  10.8 |      21 |       2 |   8.7
        D:2 |      27 |       0 |   0.0 |       7 |       0 |   0.0
        D:3 |      41 |       0 |   0.0 |       4 |       0 |   0.0
            +---------+---------+-------+---------+---------+-------

Illustrated notes

Table legend:
 A = Kills in this place as a percentage of kills in entire the game.
 B = Kills by you in this place as a percentage of kills by you in the entire game.
 C = Kills by friends in this place as a percentage of kills by friends in the entire game.
 D = Other kills in this place as a percentage of other kills in the entire game.
 E = Experience gained in this place as a percentage of experience gained in the entire game.
 F = Experience gained in this place divided by the number of levels of this place that you have seen.
                   A       B       C       D       E      F
               +-------+-------+-------+-------+-------+----------------------
         Total | 100.0 | 100.0 |   N/A |   N/A | 100.0 |  35.0
       Dungeon | 100.0 | 100.0 |   N/A |   N/A | 100.0 |  35.0
               +-------+-------+-------+-------+-------+----------------------

Table legend: (Time is in decaauts)
 A = Elapsed time spent in this place.
 B = Non-inter-level travel time spent in this place.
 C = Inter-level travel time spent in this place.
 D = Time resting spent in this place.
 E = Time spent auto-exploring this place.
 F = Levels seen in this place.
 G = Mean time per level.
                   A        B        C        D        E       F      G
               +--------+--------+--------+--------+--------+-----+--------+
         Total |   1778 |   1737 |     41 |    105 |   1418 |   3 |  592.7 |
       Dungeon |   1778 |   1737 |     41 |    105 |   1418 |   3 |  592.7 |
               +--------+--------+--------+--------+--------+-----+--------+

Top non-repeatable levels by time:
     D:1: 876 daAuts
     D:2: 664 daAuts
     D:3: 237 daAuts
